AoeStats
← nLife GScott

Black Forest

510749426Analyzed
2v2 RM · 1d ago on Oct 2, 2026· 30m 15s· 4 players
Game mode
Random Map
Map size
Medium (4 player)
Population
200
Speed
Normal
Resources
Standard
Victory
Conquest
Starting age
Dark Age
Ending age
Imperial Age
RankedLock teamsTeams togetherTeam positionsShared explorationLock speedFull tech treeHidden civsTurbo modeCheats
Victory
Defeat
🇮🇳 Dravidians · India
543
+14
🇨🇭 Turks · Switzerland
511
+15
🇨🇿 Bohemians · Czechia
519
-15
🇨🇿 Italians · Czechia
470
-14
amazingkabali
4:56 Loom
13:16 Feudal Age
13:45 Horse Collar
14:45 Wheelbarrow
13:58 Double-Bit Axe
18:58 Man-at-Arms
21:33 Arson
22:23 Town Watch
22:59 Gold Mining
23:27 Fletching
23:47 Forging
28:45 Castle Age
27:39 Scale Mail Armor
27:39 Padded Archer Armor
29:50 Hand Cart
29:37 Heavy Plow
29:05 Crossbowman
29:09 Long Swordsman
29:35 Gambesons
Calthar
12:06 Feudal Age
13:00 Gold Mining
13:02 Stone Mining
16:28 Double-Bit Axe
21:35 Wheelbarrow
22:26 Forging
23:55 Scale Mail Armor
24:01 Scale Barding Armor
23:48 Fletching
23:54 Arson
24:07 Man-at-Arms
24:53 Horse Collar
29:47 Castle Age
29:38 Bloodlines
JointSon1
2:15 Loom
17:19 Feudal Age
18:01 Horse Collar
18:12 Double-Bit Axe
18:20 Gold Mining
18:21 Stone Mining
19:11 Wheelbarrow
20:55 Town Watch
25:09 Castle Age
24:25 Man-at-Arms
27:13 Scale Mail Armor
27:26 Forging
27:18 Padded Archer Armor
27:09 Fletching
27:50 Hand Cart
27:45 Heavy Plow
27:57 Bow Saw
27:49 Crossbowman
nLife GScott
0:27 Loom
19:55 Feudal Age
20:23 Double-Bit Axe
22:50 Horse Collar
29:42 Man-at-Arms
Connection lost

Rejoining the realm…

Still unreachable

The connection could not be restored.

Session expired

The server has moved on; the page needs a fresh start.